 Dungeon Crawl Stone Soup version 0.29.0-15-g675c0067aa (webtiles) character file.

Game seed: 11733964270989191864

1042 qw the Cleaver (level 8, -3/68 HPs)
             Began as a Minotaur Berserker on Sept 12, 2022.
             Was a Priest of Trog.
             Killed from afar by an electric eel (5 damage)
             ... with a bolt of electricity
             ... on level 6 of the Dungeon.
             The game lasted 00:02:03 (5988 turns).

qw the Cleaver (Minotaur Berserker)                 Turns: 5988, Time: 00:02:04

Health: -3/68      AC: 16    Str: 25    XL:     8   Next: 4%
Magic:  7/7        EV:  5    Int:  4    God:    Trog [***...]
Gold:   303        SH:  0    Dex:  9    Spells: 7/7 levels left

rFire   + . .      SeeInvis +   Y - +2 hand axe
rCold   + . .      Faith    .   (no shield)
rNeg    . . .      Spirit   .   l - +0 gold dragon scales
rPois   +          Reflect  .   (helmet restricted)
rElec   .          Harm     .   a - +0 cloak
rCorr   .          Rampage  .   (no gloves)
Will    .....                   (no boots)
Stlth   ..........              (no amulet)
HPRegen 1.01/turn               e - ring of see invisible
MPRegen 0.10/turn               (no ring)

@: no status effects
A: horns 2, retaliatory headbutt, hooves 1, regeneration 1, MP-powered wands
a: Renounce Religion, Berserk, Trog's Hand


You were on level 6 of the Dungeon.
You worshipped Trog.
Trog was most pleased with you.
You visited 1 branch of the dungeon, and saw 6 of its levels.

You collected 303 gold pieces.


Innate Abilities, Weirdness & Mutations

You have a pair of horns on your head.
You reflexively headbutt those who attack you in melee.
You have large cloven feet.
Your natural rate of healing is unusually fast.
You expend magic power (3 MP) to strengthen your wands.


   Skills:
 - Level 5.0 Fighting
 + Level 9.9 Axes
 - Level 1.1 Throwing
 - Level 5.4 Armour
 - Level 2.1 Dodging


You had 7 spell levels left.
You didn't know any spells.
Your spell library was empty.

Inventory:

Hand Weapons
 b - a +0 hammer
 Y - a +2 hand axe (weapon)
Missiles
 k - 2 javelins (quivered)
Armour
 a - a +0 cloak (worn)
 l - +0 gold dragon scales (worn)
Jewellery
 e - a ring of see invisible (left hand)
Scrolls
 j - 2 scrolls of identify
 p - 2 scrolls of teleportation
Potions
 c - a potion of lignification {unknown}
 d - 5 potions of heal wounds
 i - 2 potions of curing
 o - a potion of resistance {unknown}

Dungeon Overview and Level Annotations

Branches:
Dungeon (6/15)
 Temple: D:4-7

Altars:
Cheibriados
Elyvilon
Hepliaklqana
Nemelex Xobeh
Sif Muna
Trog
Wu Jian
Yredelemnul
Zin


Message History

The ice beast hits you but does no damage.
You hit the ice beast. Your headbutt misses the ice beast.
The ice beast is severely wounded.
You slash the ice beast! Your kick misses the ice beast.
You headbutt the ice beast.
You kill the ice beast!
Trog accepts your kill.
The electric eel shoots out a bolt of lightning at you!
The bolt of electricity hits you.
The electric eel shoots out a bolt of lightning at you!
The bolt of electricity hits you!
Your Armour skill increases to level 5!
You have reached level 8!
You feel stronger.
5981 ||| FLEEEEING.
The electric eel shoots out a bolt of lightning at you!
The bolt of electricity hits you.
5982 ||| FLEEEEING.
The electric eel shoots out a bolt of lightning at you!
The bolt of electricity hits you!
5983 ||| FLEEEEING.
5984 ||| FLEEEEING.
The electric eel shoots out a bolt of lightning at you!
The bolt of electricity hits you!
The electric eel shoots out a bolt of lightning at you!
The bolt of electricity hits you.
5985 ||| FLEEEEING.
The electric eel shoots out a bolt of lightning at you!
The bolt of electricity hits you but does no damage.
5986 ||| FLEEEEING.
The electric eel shoots out a bolt of lightning at you!
The bolt of electricity hits you.
The electric eel shoots out a bolt of lightning at you!
The bolt of electricity hits you!
5987 ||| FLEEEEING.
5988 ||| FLEEEEING.
The electric eel shoots out a bolt of lightning at you!
The bolt of electricity hits you.
The electric eel shoots out a bolt of lightning at you!
The bolt of electricity hits you.
You die...

## .# .#
)#################
.##..............#
....############.########
....###### #..[......
..<....... #@#..####.
....###### #...........
........# #<.~~~~~~~~~~
....###.# #............
....# #.!~S~~~~~~~. ....#
...~.......~. ###.#
##..~.SS~~~.~. .#
#..~.~l..~.~ ##


You could see an iguana and 3 electric eels.

Vanquished Creatures
  An ice beast (D:6)
  A sky beast (D:6)
  2 black bears
  A phantom (D:5)
  2 necrophages
  A scorpion (D:4)
  2 hounds (D:5)
  Crazy Yiuf (D:2)
  3 iguanas
  An orc wizard (D:4)
  A scorpion zombie (D:4)
  A hound zombie (D:4)
  Robin (D:4)
  3 gnolls (D:5)
  3 adders
  An ufetubus (D:4)
  2 worms
  4 dart slugs
  10 orcs
  2 bats
  5 endoplasms
  5 giant cockroaches
  22 goblins
  10 hobgoblins
  2 jackals (D:1)
  3 kobolds
  4 quokkas
  3 ball pythons (D:1)
  6 frilled lizards
  6 rats
109 creatures vanquished.

Vanquished Creatures (others)
  3 plants (D:3)
3 creatures vanquished.

Grand Total: 112 creatures vanquished

Notes
Turn   | Place    | Note
-------+----------+-------------------------------------------
     0 | D:1      | qw the Minotaur Berserker began the quest for the Orb.
     0 | D:1      | Reached XP level 1. HP: 19/19 MP: 0/0
     0 | D:1      | 0 ||| qw: Version: 0.1-a-119-g272c26d
     0 | D:1      | 0 ||| qw: Game counter: 10751
     0 | D:1      | 0 ||| qw: Always use a shield: true
     0 | D:1      | 0 ||| qw: Do Orc after D:15 true
     0 | D:1      | 0 ||| qw: Do second Lair branch before Depths: true
     0 | D:1      | 0 ||| qw: Lair rune preference: random
     0 | D:1      | 0 ||| qw: Plans: Normal
     0 | D:1      | 0 ||| PLANNING D:1-11
    87 | D:1      | Reached skill level 4 in Axes
   198 | D:1      | Reached XP level 2. HP: 26/26 MP: 1/1
   209 | D:1      | Found a faded altar of an unknown god.
   262 | D:1      | 262 ||| Stepping ~*~*~tactically~*~*~ (hiding).
   639 | D:1      | Reached skill level 5 in Axes
   905 | D:1      | Reached XP level 3. HP: 31/31 MP: 2/2
  1228 | D:1      | 1228 ||| Stepping ~*~*~tactically~*~*~ (hiding).
  1234 | D:1      | Reached ** piety under Trog
  1338 | D:1      | 1338 ||| Stepping ~*~*~tactically~*~*~ (stealth).
  1340 | D:1      | 1340 ||| Stepping ~*~*~tactically~*~*~ (stealth).
  1418 | D:1      | 1418 ||| UPGRADING to +0 chain mail.
  1428 | D:1      | 1428 ||| DROPPING +0 animal skin.
  1429 | D:1      | 1429 ||| READING scroll labelled XEUCUH GIRCH.
  1430 | D:1      | 1430 ||| READING scroll labelled BANKAA HESAE.
  1431 | D:1      | 1431 ||| DRINKING 2 emerald potions.
  1520 | D:2      | 1520 ||| INVOKING Berserk.
  1789 | D:2      | 1789 ||| Stepping ~*~*~tactically~*~*~ (stealth).
  1790 | D:2      | 1790 ||| Stepping ~*~*~tactically~*~*~ (stealth).
  1806 | D:2      | Found a runed translucent door.
  1807 | D:2      | Noticed Crazy Yiuf
  1940 | D:2      | 1940 ||| Stepping ~*~*~tactically~*~*~ (hiding).
  1945 | D:2      | 1945 ||| Stepping ~*~*~tactically~*~*~ (hiding).
  1951 | D:2      | Reached skill level 6 in Axes
  1951 | D:2      | Reached XP level 4. HP: 39/39 MP: 3/3
  2371 | D:2      | 2371 ||| READING scroll labelled MUEXIF TI WAOM.
  2472 | D:2      | 2472 ||| READING scroll labelled SOILEAFRUE.
  2473 | D:2      | 2473 ||| READING scroll labelled ZAGGIDAQ GICI.
  2474 | D:2      | 2474 ||| READING 2 scrolls labelled TUMMUT SAULIR.
  2475 | D:2      | 2475 ||| READING scroll of enchant weapon.
  2475 | D:2      | 2475 ||| ENCHANTING +1 hand axe.
  2476 | D:2      | 2476 ||| DRINKING 3 fizzy red potions.
  2477 | D:2      | 2477 ||| DRINKING 2 purple potions.
  2478 | D:2      | 2478 ||| DROPPING 2 potions of invisibility.
  2479 | D:2      | 2479 ||| Stepping randomly (stuck).
  2481 | D:2      | 2481 ||| Stepping randomly (stuck).
  2483 | D:2      | 2483 ||| Stepping randomly (stuck).
  2485 | D:2      | 2485 ||| Stepping randomly (stuck).
  2486 | D:2      | 2486 ||| INVOKING Berserk.
  2489 | D:2      | Killed Crazy Yiuf
  2568 | D:2      | 2568 ||| DROPPING +0 club.
  2569 | D:2      | 2569 ||| UPGRADING to +0 cloak.
  2650 | D:3      | Found a sparkling altar of Nemelex Xobeh.
  2650 | D:3      | Found a hazy altar of Hepliaklqana.
  2658 | D:3      | Found a snail-covered altar of Cheibriados.
  2660 | D:3      | Found a white marble altar of Elyvilon.
  2662 | D:3      | Found a shimmering blue altar of Sif Muna.
  2701 | D:3      | 2701 ||| Stepping ~*~*~tactically~*~*~ (hiding).
  2816 | D:3      | Found a glowing silver altar of Zin.
  2828 | D:3      | Found an ornate altar of the Wu Jian Council.
  3180 | D:3      | 3180 ||| UPGRADING to ring of see invisible.
  3181 | D:3      | 3181 ||| READING scroll labelled GELUAH YPRUTS.
  3185 | D:3      | 3185 ||| READING scroll labelled WIUMOF SILYPP.
  3186 | D:3      | 3186 ||| DRINKING 2 red potions.
  3187 | D:3      | 3187 ||| DROPPING potion of degeneration.
  3245 | D:4      | Noticed a scorpion
  3255 | D:4      | Noticed a black bear
  3258 | D:4      | Killed a scorpion
  3259 | D:4      | Reached skill level 7 in Axes
  3259 | D:4      | Reached XP level 5. HP: 29/45 MP: 4/4
  3259 | D:4      | 3259 ||| FLEEEEING.
  3260 | D:4      | 3260 ||| FLEEEEING.
  3261 | D:4      | 3261 ||| FLEEEEING.
  3263 | D:4      | 3263 ||| FLEEEEING.
  3263 | D:4      | Noticed Robin
  3264 | D:4      | 3264 ||| FLEEEEING.
  3265 | D:4      | 3265 ||| FLEEEEING.
  3266 | D:4      | 3266 ||| FLEEEEING.
  3267 | D:4      | 3267 ||| FLEEEEING.
  3268 | D:4      | 3268 ||| FLEEEEING.
  3269 | D:4      | 3269 ||| FLEEEEING.
  3270 | D:4      | 3270 ||| FLEEEEING.
  3271 | D:4      | 3271 ||| FLEEEEING.
  3272 | D:4      | 3272 ||| FLEEEEING.
  3273 | D:4      | 3273 ||| FLEEEEING.
  3274 | D:4      | 3274 ||| FLEEEEING.
  3275 | D:4      | 3275 ||| FLEEEEING.
  3276 | D:4      | 3276 ||| FLEEEEING.
  3277 | D:4      | 3277 ||| STAIRDANCE
  3438 | D:4      | 3438 ||| STAIRDANCE
  3440 | D:3      | 3440 ||| INVOKING Berserk.
  3443 | D:3      | Killed a black bear
  3561 | D:4      | 3561 ||| STAIRDANCE
  3564 | D:3      | Reached XP level 6. HP: 44/56 MP: 5/5
  3716 | D:4      | Reached skill level 8 in Axes
  3892 | D:4      | 3892 ||| Stepping ~*~*~tactically~*~*~ (stealth).
  3893 | D:4      | 3893 ||| INVOKING Berserk.
  3895 | D:4      | Killed Robin
  4052 | D:4      | Found a bloodstained altar of Trog.
  4056 | D:4      | 4056 ||| Stepping ~*~*~tactically~*~*~ (stealth).
  4057 | D:4      | 4057 ||| Stepping ~*~*~tactically~*~*~ (stealth).
  4061 | D:4      | 4061 ||| INVOKING Berserk.
  4392 | D:4      | 4392 ||| Stepping ~*~*~tactically~*~*~ (stealth).
  4616 | D:4      | Found a basalt altar of Yredelemnul.
  4663 | D:4      | 4663 ||| DROPPING amulet of magic regeneration.
  4664 | D:4      | 4664 ||| READING scroll labelled QEWEYTZ FYLESU.
  4677 | D:5      | Entered Level 5 of the Dungeon
  4742 | D:5      | Reached skill level 9 in Axes
  4742 | D:5      | Reached XP level 7. HP: 61/61 MP: 6/6
  4876 | D:5      | Reached skill level 1 in Throwing
  4881 | D:5      | Reached *** piety under Trog
  5044 | D:5      | Reached skill level 3 in Armour
  5100 | D:5      | 5100 ||| INVOKING Berserk.
  5508 | D:5      | 5508 ||| Stepping ~*~*~tactically~*~*~ (stealth).
  5740 | D:5      | 5740 ||| UPGRADING to +0 gold dragon scales.
  5750 | D:5      | 5750 ||| DROPPING +0 chain mail.
  5751 | D:5      | 5751 ||| DROPPING amulet of faith.
  5752 | D:5      | 5752 ||| READING 2 scrolls labelled VITOSTR GUIKHAE.
  5753 | D:5      | 5753 ||| READING scroll labelled MAOMAM PUSECO.
  5894 | D:5      | 5894 ||| DRINKING 2 pink potions.
  5894 | D:5      | Gained mutation: You are frail. (-10% HP) [potion of
                  | mutation]
  5894 | D:5      | Gained mutation: You have a pair of large horns on your
                  | head. [potion of mutation]
  5895 | D:5      | 5895 ||| DRINKING potion of mutation.
  5895 | D:5      | Lost mutation: You have a pair of large horns on your head.
                  | [potion of mutation]
  5895 | D:5      | Lost mutation: You are frail. (-10% HP) [potion of
                  | mutation]
  5895 | D:5      | Gained mutation: You have large cloven feet. [potion of
                  | mutation]
  5895 | D:5      | Gained mutation: Your natural rate of healing is unusually
                  | fast. [potion of mutation]
  5895 | D:5      | Gained mutation: You expend magic power (3 MP) to
                  | strengthen your wands. [potion of mutation]
  5902 | D:5      | 5902 ||| DROPPING scroll of magic mapping.
  5911 | D:6      | 5911 ||| PLANNING OSSUARY
  5950 | D:6      | 5950 ||| Stepping ~*~*~tactically~*~*~ (stealth).
  5969 | D:6      | 5969 ||| Stepping ~*~*~tactically~*~*~ (stealth).
  5970 | D:6      | 5970 ||| Stepping ~*~*~tactically~*~*~ (stealth).
  5971 | D:6      | 5971 ||| Stepping ~*~*~tactically~*~*~ (stealth).
  5974 | D:6      | 5974 ||| FLEEEEING.
  5981 | D:6      | Reached XP level 8. HP: 37/68 MP: 7/7
  5981 | D:6      | 5981 ||| FLEEEEING.
  5982 | D:6      | 5982 ||| FLEEEEING.
  5983 | D:6      | 5983 ||| FLEEEEING.
  5984 | D:6      | 5984 ||| FLEEEEING.
  5985 | D:6      | 5985 ||| FLEEEEING.
  5986 | D:6      | 5986 ||| FLEEEEING.
  5986 | D:6      | HP: 16/68 [electric eel/bolt of electricity (4)]
  5986 | D:6      | HP: 6/68 [electric eel/bolt of electricity (10)]
  5987 | D:6      | 5987 ||| FLEEEEING.
  5988 | D:6      | 5988 ||| FLEEEEING.
  5988 | D:6      | HP: 2/68 [electric eel/bolt of electricity (6)]
  5988 | D:6      | Killed from afar by an electric eel

Levels and vault maps discovered:
D:1:      nzn_arrival_depleted_hourglass, layout_basic,
          shapermc_ecumenical_altar_acropolis
D:2:      layout_loops_cross, uniq_crazy_yiuf_cottage
D:3:      layout_rooms, marbit_many_paths, lemuel_crystal_altar,
          chequers_temple_overflow_minitemple, kennysheep_boxes
D:4:      cheibrodos_greedy_goblins, layout_gridville,
          lemuel_zombie_altar_yredelemnul, mainiacjoe_overflow_small_starburst,
          chequers_serial_rivers_micro_a, minivault_14, st_stairs_7,
          kennysheep_generic_room_6, uniq_robin
D:5:      layout_basic, dk_noncrumbling_3
D:6:      layout_loops_ring, minmay_temple_entry_tees,
          nicolae_ossuary_entry_giza, nicolae_inconvenience_store, sigmund_army

Skill      XL: |  1  2  3  4  5  6  7 |
---------------+----------------------+-----
Axes           | 4 5 6 7 9 |  9.9
Fighting       | 5 |  5.0
Throwing       | 1 |  1.1
Armour         | 5 |  5.4
Dodging        | |  2.1

Action                   |  1- 3 |  4- 6 |  7- 9 || total
-------------------------+-------+-------+-------++-------
Melee: Hand axe          |   106 |   106 |    51 ||   263
       Headbutt          |    10 |    13 |    12 ||    35
       Kick              |       |       |     5 ||     5
Throw: Javelin           |       |       |    17 ||    17
Invok: Berserk           |     1 |     4 |     1 ||     6
  Use: Scroll            |     2 |     8 |     2 ||    12
       Potion            |     1 |     3 |     2 ||     6
Armor: Animal skin       |    12 |       |       ||    12
       Chain mail        |    14 |    52 |     7 ||    73
       Gold dragon scale |       |       |     6 ||     6
Dodge: Dodged            |    42 |    36 |    16 ||    94

Table legend:
 A = Non-vault XP
 B = Vault XP
 C = Vault XP percentage of total XP
 D = Non-vault monster count
 E = Vault monster count
 F = Vault count percentage of total count
                 A         B        C        D         E       F
            +---------+---------+-------+---------+---------+-------
      Total |    1244 |     245 |  16.5 |      81 |      28 |  25.7
            +---------+---------+-------+---------+---------+-------
        D:1 |      60 |       0 |   0.0 |      32 |       0 |   0.0
        D:2 |      43 |      39 |  47.6 |      16 |       1 |   5.9
        D:3 |     148 |       9 |   5.7 |       5 |       5 |  50.0
        D:4 |     193 |     197 |  50.5 |      11 |      22 |  66.7
        D:5 |     531 |       0 |   0.0 |      14 |       0 |   0.0
        D:6 |     269 |       0 |   0.0 |       3 |       0 |   0.0
            +---------+---------+-------+---------+---------+-------
